 Dungeon Crawl Stone Soup version 0.26.0-3-g156281e41b (webtiles) character file.

Game seed: 14328310822646322123

767 trckry the Cudgeller (level 7, -2/52 HPs)
             Began as a Demonspawn Monk on Jan 10, 2021.
             Slain by Grinder (3 damage)
             ... on level 6 of the Dungeon.
             The game lasted 00:13:53 (8463 turns).

trckry the Cudgeller (Demonspawn Monk)              Turns: 8463, Time: 00:13:53

Health: -2/52      AC:  9    Str: 12 (13) XL:     7   Next: 52%
Magic:  10/10      EV: 10    Int: 13 (14) God:
Gold:   252        SH:  0    Dex: 15 (16) Spells: 6/6 levels left

rFire    . . .     SeeInvis .   B - +1 mace of Duty {drain, Int+3} (curse)
rCold    . . .     Faith    .   (no shield)
rNeg     . . .     Spirit   .   l - +0 scale mail
rPois    .         Reflect  .   t - +0 helmet
rElec    .         Harm     .   (no cloak)
rCorr    .         Rampage  .   (no gloves)
Will     .....                  o - +0 pair of boots
Stlth    +.........             i - amulet of the acrobat
HPRegen  0.17/turn              (no ring)
MPRegen  0.12/turn              (no ring)

@: brilliant, hasted, very quick
A: hooves 1, miasma immunity
a: no special abilities


You were on level 6 of the Dungeon.
You visited 1 branch of the dungeon, and saw 6 of its levels.

You collected 252 gold pieces.

Inventory:

Hand Weapons
 a - a +0 flail
 B - the cursed +1 mace of Duty (weapon) {drain, Int+3}
   (You found it on level 6 of the Dungeon)

   A truly terrible weapon, it drains the life of those it strikes.
   It affects your intelligence (+3).
   It has a curse placed upon it.
Missiles
 n - 16 poisoned darts (quivered)
 p - 6 boomerangs
 A - a throwing net
Armour
 l - a +0 scale mail (worn)
 o - a +0 pair of boots (worn)
 t - a +0 helmet (worn)
Jewellery
 i - an amulet of the acrobat (around neck)
 q - an uncursed ring of stealth {unknown}
 u - an uncursed ring of flight {unknown}
Wands
 y - a wand of random effects (19)
Scrolls
 b - 3 scrolls of remove curse {unknown}
 c - 4 scrolls of identify {unknown}
 d - 2 scrolls of random uselessness {unknown}
 m - a scroll of amnesia {unknown}
 v - a scroll of fear {unknown}
 x - a scroll of teleportation {unknown}
 z - a scroll of noise {unknown}
Potions
 e - 2 potions of ambrosia {unknown}
 g - 3 potions of curing
 h - a potion of degeneration
 j - 2 potions of brilliance
 k - a potion of haste
 r - 2 potions of invisibility {unknown}
 s - 2 potions of heal wounds {unknown}
 w - a potion of lignification {unknown}


   Skills:
 + Level 3.1 Fighting
 * Level 5.7 Maces & Flails
 + Level 2.1 Throwing
 + Level 3.3 Armour
 - Level 2.6 Dodging
 - Level 1.7 Stealth
 + Level 4.7 Invocations
 + Level 0.6 Evocations


You had 6 spell levels left.
You didn't know any spells.
Your spell library was empty.

Dungeon Overview and Level Annotations

Branches:
Dungeon (6/15)
 Temple: D:4-7

Altars:
Ashenzari
Elyvilon
Hepliaklqana
The Shining One

Annotations:
D:5 2 runed translucent doors, XxsatanxX's ghost, novice DsFi
D:6 Grinder


Innate Abilities, Weirdness & Mutations

You have large cloven feet.
You are immune to miasma.


Message History

It was a potion of curing.
You feel better.
You see here 2 curare-tipped darts.
Grinder says, "Are you a fish?"
You see here 19 stones.
A gnoll and a gnoll sergeant come into view.
The gnoll sergeant shouts!
The gnoll shouts!
A gnoll comes into view. It is wielding a +0 whip.
Grinder hits you.
* * * LOW HITPOINT WARNING * * *
You see here 19 stones.
It was a potion of degeneration.
There was something very wrong with that liquid.
You feel weakened.
You feel dopey.
You feel clumsy. Grinder gestures at you. Pain shoots through your body!
* * * LOW HITPOINT WARNING * * *
It was a potion of haste.
You feel yourself speed up.
Grinder says, "Wait up."
Grinder hits you.
You die...

####...########....#.
#...# #.##... #...#
#...... #...# ####.##
#####...####### #.#
#..)........... #.##
#.#####.....### #.#.
#####.#####.#...###
#...
#.....#..@#........
###.
#.g.....g###5.....##.
#. ##.g.##.##
##..)..... #.
#....g.# #....###. ##
#.....#.# #...##
##.gg ##. ..(## ##. #
.### #. ..


You could see Grinder and a gnoll sergeant.

Vanquished Creatures
  A soldier ant (D:5)
  A phantom (D:5)
  A scorpion (D:4)
  2 hounds (D:4)
  An orc priest (D:3)
  2 orc wizards (D:4)
  5 worker ants
  A hound zombie (D:6)
  Robin (D:4)
  A gnoll (D:6)
  8 adders
  2 white imps
  3 oozes
  An adder skeleton (D:4)
  5 worms
  5 dart slugs
  3 leopard geckos
  6 orcs
  3 ball pythons
  3 giant cockroaches
  16 goblins
  11 hobgoblins
  3 jackals (D:3)
  2 quokkas
  4 bats
  8 frilled lizards
  11 kobolds
  2 leopard gecko skeletons
  7 rats
119 creatures vanquished.

Notes
Turn   | Place    | Note
-------+----------+-------------------------------------------
     0 | D:1      | trckry the Demonspawn Monk began the quest for the Orb.
     0 | D:1      | Reached XP level 1. HP: 18/18 MP: 1/1
   208 | D:1      | Reached skill level 3 in Maces & Flails
   208 | D:1      | Gained mutation: You have large cloven feet. [demonic
                  | ancestry]
   208 | D:1      | Reached XP level 2. HP: 21/24 MP: 2/2
   219 | D:1      | Reached skill level 1 in Invocations
   602 | D:1      | You fall into a shaft and drop 1 floor!
   697 | D:2      | Reached skill level 1 in Armour
  1014 | D:1      | Reached XP level 3. HP: 22/29 MP: 4/4
  1145 | D:1      | Found a broken altar of Ashenzari.
  2195 | D:2      | Reached XP level 4. HP: 31/35 MP: 5/5
  2197 | D:2      | Noticed an ogre
  3131 | D:3      | Reached skill level 4 in Maces & Flails
  3520 | D:3      | Found a white marble altar of Elyvilon.
  3878 | D:3      | Reached XP level 5. HP: 28/41 MP: 7/7
  4283 | D:3      | Found a hazy altar of Hepliaklqana.
  5286 | D:4      | Noticed Robin
  5346 | D:4      | Killed Robin
  5347 | D:4      | Gained mutation: You are immune to miasma. [demonic
                  | ancestry]
  5347 | D:4      | Reached XP level 6. HP: 47/47 MP: 8/8
  5931 | D:4      | Reached skill level 1 in Throwing
  6026 | D:4      | Reached skill level 5 in Maces & Flails
  6564 | D:5      | Entered Level 5 of the Dungeon
  6786 | D:5      | Noticed a soldier ant
  6794 | D:5      | Killed a soldier ant
  6795 | D:5      | Reached XP level 7. HP: 48/52 MP: 10/10
  6975 | D:5      | Found a runed translucent door.
  6988 | D:5      | Noticed XxsatanxX's ghost (novice DsFi)
  7541 | D:5      | Found a runed translucent door.
  7871 | D:5      | Found a glowing golden altar of the Shining One.
  8279 | D:6      | Got a slimy mace
  8280 | D:6      | Identified the cursed +1 mace of Duty {drain, Int+3} (You
                  | found it on level 6 of the Dungeon)
  8427 | D:6      | Noticed Grinder
  8462 | D:6      | HP: 1/52 [Grinder/nerve-wracking pain (10)]
  8463 | D:6      | Slain by Grinder

Illustrated notes

Levels and vault maps discovered:
D:1:      beargit_arrival_greenhouse, layout_rooms,
          chequers_serial_rivers_room_a, roderic_roman_lattice,
          nicolae_ashenzari_panopticon
D:2:      layout_loops_corners, minmay_pentomino_t2
D:3:      layout_basic, lemuel_doored_altar, elyvilon_altar_5
D:4:      layout_loops_corners, uniq_robin
D:5:      layout_basic, lemuel_crystal_altar, ebering_ghost_sewer_f,
          minmay_small_thing
D:6:      layout_loops_cross, marbit_many_paths, minmay_crossroads, uniq_grinder

Skill      XL: |  1  2  3  4  5  6  7 |
---------------+----------------------+-----
Maces & Flails | 3 4 5 |  5.7
Invocations    | 1 2 3 4 |  4.7
Armour         | 1 2 3 |  3.3
Throwing       | 1 2 |  2.1
Fighting       | |  3.1
Dodging        | |  2.6
Stealth        | |  1.7
Evocations     | |  0.6

Action                   |  1- 3 |  4- 6 |  7- 9 || total
-------------------------+-------+-------+-------++-------
Melee: Mace              |   107 |       |    34 ||   141
       Kick              |    21 |    39 |       ||    60
       Flail             |     6 |   224 |    95 ||   325
Throw: Dart              |       |     5 |     2 ||     7
  Use: Potion            |       |       |     4 ||     4
 Stab: Sleeping          |     3 |     1 |       ||     4
Armor: Robe              |    21 |       |       ||    21
       Scale mail        |       |    74 |    48 ||   122
Dodge: Dodged            |    75 |   126 |    62 ||   263
